 Dungeon Crawl Stone Soup version 0.28-a0-723-g095bd1b44f (webtiles) character file.

Game seed: 5196001056969116327

62 blank1 the Skirmisher (level 4, -11/40 HPs)
             Began as a Hill Orc Fighter on Oct 26, 2021.
             Was a Priest of Lugonu.
             Killed by divine providence
             ... invoked by an orc priest
              (13 damage)
             ... on level 3 of the Dungeon.
             The game lasted 00:03:29 (1899 turns).

blank1 the Skirmisher (Hill Orc Fighter)            Turns: 1899, Time: 00:03:29

Health: -11/40     AC:  8    Str: 18    XL:     4   Next: 8%
Magic:  4/4        EV:  9    Int:  8    God:    Lugonu [***...]
Gold:   50         SH:  4    Dex: 11    Spells: 3/3 levels left

rFire   . . .      SeeInvis .   a - +1 war axe
rCold   . . .      Faith    .   c - +0 buckler
rNeg    . . .      Spirit   .   b - +0 scale mail
rPois   .          Reflect  .   q - +0 helmet
rElec   .          Harm     .   (no cloak)
rCorr   .          Rampage  .   (no gloves)
Will    .....                   (no boots)
Stlth   ..........              (no amulet)
HPRegen 0.13/turn               (no ring)
MPRegen 0.09/turn               (no ring)

@: no status effects
A: no striking features
a: Renounce Religion, Convert to Beogh, Depart the Abyss, Bend Space, Banish


You were on level 3 of the Dungeon.
You worshipped Lugonu.
Lugonu was most pleased with you.
You visited 1 branch of the dungeon, and saw 3 of its levels.

You collected 50 gold pieces.

Inventory:

Hand Weapons
 a - a +1 war axe (weapon)
Armour
 b - a +0 scale mail (worn)
 c - a +0 buckler (worn)
 q - a +0 helmet (worn)
Jewellery
 o - a +4 ring of slaying
 p - a ring of magical power
Scrolls
 k - a scroll of identify
 m - a scroll of holy word {unknown}
 n - a scroll of fear {unknown}
Potions
 d - a potion of might
 e - 2 potions of lignification
 f - a potion of degeneration {unknown}
 g - 2 potions of magic {unknown}
 l - a potion of invisibility {unknown}
 r - a potion of curing {unknown}


   Skills:
 - Level 4.0 Fighting
 + Level 3.5 Axes
 + Level 3.7 Armour
 + Level 1.0 Dodging
 + Level 3.7 Shields
 + Level 1.2 Invocations


You had 3 spell levels left.
You didn't know any spells.
Your spell library was empty.

Dungeon Overview and Level Annotations

Branches:
Dungeon (3/15)

Altars:
Lugonu

Portals:
Sewer: D:3


Message History

The orc hits you but does no damage.
An orc priest comes into view. It is wielding a +0 whip.
The orc priest shouts!
The orc priest threatens, "By the altar or by the axe, you will meet Beogh!" (press Y on the ability menu to convert to Beogh)
You slash the orc!
You kill the orc!
Lugonu accepts your kill.
You hear a splash. x2
You enter the shallow water.
Moving in this stuff is going to be slow.
The orc priest mumbles some strange prayers to Beogh against you.
Beogh smites you!
You see here a giant cockroach corpse.
The orc priest calls down the wrath of Beogh upon you.
Beogh smites you!
* * * LOW HITPOINT WARNING * * *
You see here a giant cockroach corpse.
Items here: ))))) [[[ †.
Okay, then.
The orc hits you but does no damage.
Your scale mail prevents you from hitting the orc.
The orc hits you but does no damage.
You slash the orc!
You kill the orc!
Lugonu accepts your kill.
You barely miss the orc. The orc misses you.
You hit the orc.
The orc is moderately wounded.
The orc priest miscasts a cantrip.
The orc hits you with a +0 flail.
* * * LOW HITPOINT WARNING * * *
You hit the orc but do no damage.
The orc is moderately wounded.
The orc hits you but does no damage. x2
You closely miss the orc.
The orc is moderately wounded.
The orc priest mumbles some strange prayers to Beogh against you.
Beogh smites you!
You die...

#...# #.#......#
#≈≈≈# #........#
#≈≈≈# #........#
#≈≈≈# #........#
#)≈≈# #.#......##
#≈o≈#..
########.#.......#
#≈≈≈# .##
#........#.......#
#≈o≈# ..#
#.#########'#....#
#≈†≈# ..# #@#
#..##### #≈o≈# #.#
#o# ##.## #..†#
#.# #o# #..#
##.####.# #.#
##.##
#..o...###.#####
#..#
######.........#
##.# ###.......#
#.### #.......#
#...# #########
#..##


You could see an orc priest and an orc.

Vanquished Creatures
  A dart slug (D:1)
  6 orcs (D:3)
  2 ball pythons
  3 bats
  6 endoplasms
  2 giant cockroaches (D:3)
  5 goblins (D:1)
  5 hobgoblins
  2 jackals (D:2)
  3 quokkas (D:3)
  4 frilled lizards
  4 kobolds
  3 rats
46 creatures vanquished.

Notes
Turn   | Place    | Note
-------+----------+-------------------------------------------
     0 | D:1      | blank1 the Hill Orc Fighter began the quest for the Orb.
     0 | D:1      | Reached XP level 1. HP: 19/19 MP: 1/1
    32 | D:1      | Found a faded altar of an unknown god.
    88 | D:1      | Reached XP level 2. HP: 21/27 MP: 2/2
   343 | D:1      | Prayed at the altar of an unknown god.
   343 | D:1      | Became a worshipper of Lugonu the Unformed
   343 | D:1      | Reached * piety under Lugonu
   343 | D:1      | Reached ** piety under Lugonu
   739 | D:2      | Reached XP level 3. HP: 29/33 MP: 3/3
  1753 | D:3      | Reached skill level 4 in Fighting
  1820 | D:3      | Reached skill level 1 in Invocations
  1842 | D:3      | Found a glowing drain.
  1851 | D:3      | Reached *** piety under Lugonu
  1852 | D:3      | Reached skill level 1 in Dodging
  1863 | D:3      | Reached XP level 4. HP: 34/40 MP: 4/4
  1897 | D:3      | HP: 1/40 [orc (5)]
  1899 | D:3      | Killed from afar by an orc priest

Illustrated notes

Levels and vault maps discovered:
D:1:      lemuel_arrival_muddy, layout_rooms,
          shapermc_ecumenical_altar_totnotflames
D:2:      layout_basic
D:3:      layout_basic, portal_sewer_entry_f, uniq_grinder, uniq_robin,
          uniq_crazy_yiuf_cottage

Skill      XL: |  1  2  3 |
---------------+----------+-----
Axes           | 3 |  3.5
Fighting       | 4 |  4.0
Invocations    | 1 |  1.2
Dodging        | 1 |  1.0
Armour         | |  3.7
Shields        | |  3.7

Action                   |  1- 3 |  4- 6 || total
-------------------------+-------+-------++-------
Melee: War axe           |    81 |     9 ||    90
  Use: Scroll            |     5 |       ||     5
Armor: Scale mail        |    34 |     6 ||    40
Dodge: Dodged            |    41 |     1 ||    42
Block: Buckler           |    11 |       ||    11

Table legend: (Time is in decaauts)
 A = Elapsed time spent in this place.
 B = Non-inter-level travel time spent in this place.
 C = Inter-level travel time spent in this place.
 D = Time resting spent in this place.
 E = Time spent auto-exploring this place.
 F = Levels seen in this place.
 G = Mean time per level.
                   A        B        C        D        E       F      G
               +--------+--------+--------+--------+--------+-----+--------+
         Total |   1938 |   1818 |    120 |      0 |   1430 |   3 |  646.0 |
       Dungeon |   1938 |   1818 |    120 |      0 |   1430 |   3 |  646.0 |
               +--------+--------+--------+--------+--------+-----+--------+

Top non-repeatable levels by time:
     D:2: 1140 daAuts
     D:1: 614 daAuts
     D:3: 183 daAuts
